[ AOE2 MATCH · #513675936 ]
UnrankedCiv #60 vs Mapuche
Player's team · LOSS
Rival team · WIN
[ REPLAY ANALYSIS · EXTRACTED FROM THE RECORDED GAME ]
Feudal
11:05
Castle
17:46
Imperial
33:16
| APM avg | 100.9 |
| APM peak | 187 |
| eAPM avg | 68.7 |
| Villagers / military | 466 / 772 |
Focus
⚔️ 58.2% · 🌾 41.8%
Spearman ×508 · Skirmisher ×237 · Unknown (2703) ×106 · Trebuchet (Packed) ×18 · Militia ×4 · Mangonel ×3
Feudal
8:50
Castle
17:48
Imperial
35:01
| APM avg | 126.2 |
| APM peak | 234 |
| eAPM avg | 77.5 |
| Villagers / military | 362 / 753 |
Focus
⚔️ 74.7% · 🌾 25.3%
Skirmisher ×336 · Kona ×270 · Petard ×102 · Bolas Rider ×18 · Trebuchet (Packed) ×12 · Mangonel ×8
Match map
Initial resources + every placement click. Lines = walls · curves = elevation contours. ◆ gold · ⬟ stone · ● berries · ✦ relic · ◌ wall gap
Your base· ✓ Closed at 17:47 · 37t walls · no gate
blytz's base· Open — opponent sealed themselves in
Smoothed initial terrain · ◌ = detected wall gap · hover for details
Inputs per minute
— VL Aveee - - blytz
Build order — VL Aveee
First 150 of 1806 actions detected
| 0:00 | Queue | Villager (Male) |
| 0:00 | Queue | Villager (Male) |
| 0:01 | Build | House |
| 0:02 | Build | House |
| 0:03 | Queue | Villager (Male) |
| 0:10 | Queue | Villager (Male) |
| 0:10 | Queue | Villager (Male) |
| 1:07 | Build | Lumber Camp |
| 1:28 | Queue | Villager (Male) |
| 1:28 | Queue | Villager (Male) |
| 1:43 | Queue | Villager (Male) |
| 1:44 | Queue | Villager (Male) |
| 2:20 | Queue | Villager (Male) |
| 2:41 | Queue | Villager (Male) |
| 2:42 | Queue | Villager (Male) |
| 3:16 | Queue | Villager (Male) |
| 3:17 | Queue | Villager (Male) |
| 3:17 | Queue | Villager (Male) |
| 3:18 | Queue | Villager (Male) |
| 3:27 | Build | House |
| 3:58 | Queue | Villager (Male) |
| 3:59 | Queue | Villager (Male) |
| 3:59 | Queue | Villager (Male) |
| 4:11 | Build | Barracks |
| 4:22 | Queue | Villager (Male) |
| 4:22 | Queue | Villager (Male) |
| 4:23 | Queue | Villager (Male) |
| 4:41 | Build | House |
| 4:44 | Build | House |
| 4:56 | Queue | Villager (Male) |
| 5:04 | Queue | Militia |
| 5:04 | Queue | Militia |
| 5:15 | Queue | Villager (Male) |
| 5:16 | Queue | Militia |
| 5:32 | Queue | Militia |
| 5:32 | Queue | Villager (Male) |
| 5:35 | Build | House |
| 5:55 | Queue | Villager (Male) |
| 6:09 | Build | Mill |
| 6:25 | Queue | Villager (Male) |
| 7:13 | Queue | Villager (Male) |
| 7:26 | Queue | Villager (Male) |
| 7:56 | Queue | Villager (Male) |
| 7:57 | Research | Loom |
| 7:58 | Build | Farm |
| 8:05 | Build | Farm |
| 8:29 | Build | Farm |
| 8:50 | Build | Palisade Wall |
| 8:52 | Build | Palisade Wall |
| 8:55 | Research | Feudal Age |
| 9:03 | Build | Palisade Wall |
| 9:04 | Build | Palisade Wall |
| 9:05 | Build | Palisade Wall |
| 9:16 | Queue | Villager (Male) |
| 9:28 | Build | House |
| 9:31 | Build | Palisade Wall |
| 9:49 | Build | Lumber Camp |
| 10:39 | Build | House |
| 10:42 | Queue | Villager (Male) |
| 11:05 | Age | Feudal Age |
| 11:10 | Queue | Villager (Male) |
| 11:14 | Build | Archery Range |
| 11:24 | Build | Palisade Wall |
| 11:25 | Build | Palisade Wall |
| 11:42 | Queue | Villager (Male) |
| 11:51 | Research | Double-Bit Axe |
| 12:01 | Queue | Villager (Male) |
| 12:03 | Queue | Skirmisher |
| 12:24 | Build | Mining Camp |
| 12:44 | Queue | Skirmisher |
| 12:45 | Queue | Villager (Male) |
| 13:10 | Build | Farm |
| 13:15 | Build | Farm |
| 13:24 | Queue | Skirmisher |
| 13:26 | Queue | Villager (Male) |
| 13:44 | Build | Blacksmith |
| 13:47 | Queue | Villager (Male) |
| 13:52 | Queue | Skirmisher |
| 14:09 | Build | Farm |
| 14:24 | Build | Farm |
| 14:26 | Build | House |
| 14:27 | Queue | Villager (Male) |
| 14:30 | Build | Farm |
| 14:34 | Queue | Archer |
| 15:02 | Build | House |
| 15:07 | Research | Castle Age |
| 15:07 | Research | Castle Age |
| 15:30 | Build | Lumber Camp |
| 15:34 | Build | Farm |
| 15:40 | Research | Horse Collar |
| 15:40 | Research | Horse Collar |
| 15:40 | Research | Horse Collar |
| 16:19 | Queue | Skirmisher |
| 16:22 | Research | Fletching |
| 16:57 | Queue | Skirmisher |
| 17:16 | Queue | Skirmisher |
| 17:18 | Build | Farm |
| 17:18 | Build | Farm |
| 17:19 | Build | Farm |
| 17:23 | Build | Farm |
| 17:24 | Build | Farm |
| 17:31 | Queue | Villager (Male) |
| 17:46 | Age | Castle Age |
| 17:51 | Build | Town Center |
| 17:54 | Queue | Villager (Male) |
| 18:00 | Build | Town Center |
| 18:02 | Research | Bow Saw |
| 18:02 | Research | Bow Saw |
| 18:10 | Queue | Skirmisher |
| 18:11 | Queue | Skirmisher |
| 18:20 | Queue | Villager (Male) |
| 18:21 | Queue | Skirmisher |
| 18:32 | Queue | Villager (Male) |
| 18:32 | Queue | Skirmisher |
| 18:37 | Build | Farm |
| 18:40 | Build | Farm |
| 18:46 | Queue | Villager (Male) |
| 18:49 | Queue | Skirmisher |
| 18:59 | Research | Padded Archer Armor |
| 18:59 | Research | Padded Archer Armor |
| 19:02 | Queue | Villager (Male) |
| 19:04 | Queue | Skirmisher |
| 19:09 | Build | Farm |
| 19:24 | Queue | Skirmisher |
| 19:28 | Queue | Villager (Male) |
| 19:31 | Queue | Villager (Male) |
| 19:36 | Queue | Skirmisher |
| 19:36 | Queue | Skirmisher |
| 19:39 | Build | Farm |
| 19:46 | Build | Farm |
| 19:48 | Build | Farm |
| 19:48 | Queue | Villager (Male) |
| 19:48 | Queue | Villager (Male) |
| 19:48 | Queue | Villager (Male) |
| 19:51 | Queue | Skirmisher |
| 19:59 | Queue | Villager (Male) |
| 20:01 | Queue | Villager (Male) |
| 20:01 | Queue | Villager (Male) |
| 20:02 | Queue | Villager (Male) |
| 20:04 | Build | Farm |
| 20:07 | Research | Elite Skirmisher (upgrade) |
| 20:07 | Research | Elite Skirmisher (upgrade) |
| 20:07 | Research | Elite Skirmisher (upgrade) |
| 20:07 | Research | Elite Skirmisher (upgrade) |
| 20:12 | Build | Farm |
| 20:16 | Queue | Villager (Male) |
| 20:16 | Queue | Villager (Male) |
| 20:16 | Queue | Villager (Male) |
| 20:25 | Queue | Villager (Male) |
| 20:25 | Queue | Villager (Male) |
Build order — blytz
First 150 of 1403 actions detected
| 0:00 | Queue | Villager (Male) |
| 0:00 | Queue | Villager (Male) |
| 0:02 | Build | House |
| 0:03 | Build | House |
| 0:04 | Queue | Villager (Male) |
| 0:13 | Queue | Villager (Male) |
| 1:31 | Queue | Villager (Male) |
| 1:59 | Queue | Villager (Male) |
| 1:59 | Queue | Villager (Male) |
| 2:10 | Build | Settlement |
| 2:13 | Queue | Villager (Male) |
| 2:36 | Queue | Villager (Male) |
| 2:55 | Queue | Villager (Male) |
| 3:20 | Queue | Villager (Male) |
| 3:46 | Queue | Villager (Male) |
| 4:10 | Queue | Villager (Male) |
| 4:19 | Queue | Villager (Male) |
| 4:28 | Queue | Villager (Male) |
| 4:59 | Queue | Villager (Male) |
| 5:24 | Queue | Villager (Male) |
| 5:29 | Queue | Villager (Male) |
| 5:34 | Queue | Villager (Male) |
| 5:39 | Queue | Villager (Male) |
| 6:01 | Research | Loom |
| 6:34 | Build | Settlement |
| 6:35 | Research | Feudal Age |
| 6:35 | Research | Feudal Age |
| 6:50 | Queue | Villager (Male) |
| 7:07 | Queue | Villager (Male) |
| 7:09 | Build | Palisade Wall |
| 7:11 | Build | Palisade Wall |
| 7:13 | Queue | Villager (Male) |
| 7:15 | Build | House |
| 7:28 | Queue | Villager (Male) |
| 7:33 | Queue | Villager (Male) |
| 7:44 | Queue | Villager (Male) |
| 7:50 | Queue | Villager (Male) |
| 7:54 | Queue | Villager (Male) |
| 8:00 | Queue | Villager (Male) |
| 8:12 | Build | Barracks |
| 8:13 | Queue | Villager (Male) |
| 8:16 | Queue | Villager (Male) |
| 8:22 | Queue | Villager (Male) |
| 8:27 | Queue | Villager (Male) |
| 8:29 | Queue | Villager (Male) |
| 8:30 | Queue | Villager (Male) |
| 8:42 | Queue | Villager (Male) |
| 8:45 | Queue | Villager (Male) |
| 8:50 | Age | Feudal Age |
| 9:01 | Queue | Villager (Male) |
| 9:02 | Build | Archery Range |
| 9:07 | Queue | Villager (Male) |
| 9:13 | Research | Double-Bit Axe |
| 9:13 | Research | Double-Bit Axe |
| 9:16 | Queue | Villager (Male) |
| 9:43 | Queue | Villager (Male) |
| 9:46 | Queue | Archer |
| 9:49 | Queue | Villager (Male) |
| 9:51 | Queue | Villager (Male) |
| 9:57 | Build | Farm |
| 9:58 | Build | Farm |
| 10:05 | Queue | Villager (Male) |
| 10:19 | Build | House |
| 10:28 | Queue | Villager (Male) |
| 10:31 | Build | Farm |
| 10:32 | Build | Farm |
| 10:41 | Queue | Villager (Male) |
| 10:41 | Queue | Villager (Male) |
| 10:47 | Queue | Archer |
| 11:06 | Queue | Villager (Male) |
| 11:08 | Build | Farm |
| 11:21 | Queue | Villager (Male) |
| 11:22 | Queue | Villager (Male) |
| 11:27 | Build | Farm |
| 11:34 | Queue | Villager (Male) |
| 11:35 | Queue | Villager (Male) |
| 11:35 | Queue | Villager (Male) |
| 11:36 | Build | House |
| 11:38 | Queue | Villager (Male) |
| 11:42 | Build | House |
| 11:49 | Queue | Archer |
| 11:51 | Build | Farm |
| 11:58 | Queue | Villager (Male) |
| 11:59 | Queue | Villager (Male) |
| 12:05 | Queue | Villager (Male) |
| 12:10 | Queue | Villager (Male) |
| 12:11 | Queue | Villager (Male) |
| 12:14 | Queue | Villager (Male) |
| 12:15 | Queue | Villager (Male) |
| 12:15 | Build | House |
| 12:33 | Queue | Villager (Male) |
| 12:34 | Build | Palisade Wall |
| 12:37 | Queue | Villager (Male) |
| 12:43 | Queue | Skirmisher |
| 12:45 | Queue | Villager (Male) |
| 12:46 | Queue | Villager (Male) |
| 12:46 | Build | Farm |
| 12:49 | Build | House |
| 12:57 | Queue | Villager (Male) |
| 13:00 | Queue | Villager (Male) |
| 13:10 | Queue | Skirmisher |
| 13:14 | Queue | Villager (Male) |
| 13:15 | Queue | Villager (Male) |
| 13:18 | Build | House |
| 13:22 | Queue | Villager (Male) |
| 13:24 | Build | Palisade Wall |
| 13:27 | Build | Palisade Wall |
| 13:27 | Build | Palisade Wall |
| 13:33 | Queue | Villager (Male) |
| 13:54 | Build | Blacksmith |
| 13:55 | Queue | Villager (Male) |
| 13:56 | Queue | Villager (Male) |
| 14:02 | Build | Palisade Wall |
| 14:03 | Build | Palisade Wall |
| 14:13 | Build | Farm |
| 14:18 | Queue | Villager (Male) |
| 14:26 | Queue | Villager (Male) |
| 14:31 | Queue | Villager (Male) |
| 14:33 | Research | Town Watch |
| 14:34 | Research | Town Watch |
| 14:53 | Build | Settlement |
| 15:08 | Research | Castle Age |
| 15:08 | Research | Castle Age |
| 15:12 | Build | House |
| 15:13 | Build | Palisade Wall |
| 15:18 | Queue | Skirmisher |
| 15:33 | Queue | Skirmisher |
| 15:34 | Queue | Skirmisher |
| 15:37 | Queue | Villager (Male) |
| 15:42 | Research | Fletching |
| 15:53 | Queue | Skirmisher |
| 16:18 | Queue | Skirmisher |
| 16:48 | Queue | Skirmisher |
| 17:16 | Queue | Skirmisher |
| 17:19 | Queue | Villager (Male) |
| 17:24 | Queue | Villager (Male) |
| 17:24 | Queue | Villager (Male) |
| 17:31 | Queue | Villager (Male) |
| 17:42 | Queue | Villager (Male) |
| 17:48 | Age | Castle Age |
| 17:51 | Queue | Bolas Rider |
| 17:52 | Research | Bodkin Arrow |
| 17:53 | Queue | Villager (Male) |
| 17:54 | Queue | Villager (Male) |
| 17:56 | Build | Town Center |
| 17:56 | Queue | Villager (Male) |
| 17:57 | Queue | Villager (Male) |
| 17:59 | Queue | Villager (Male) |
| 18:04 | Queue | Villager (Male) |
| 18:05 | Queue | Villager (Male) |
Match timeline
| 4:11 | VL Aveee · first_building Barracks |
| 7:09 | blytz · wall_segment Palisade Wall x1 |
| 7:11 | blytz · wall_segment Palisade Wall x1 |
| 8:12 | blytz · first_building Barracks |
| 8:50 | VL Aveee · wall_segment Palisade Wall x5 |
| 8:50 | blytz · age_up feudal |
| 8:52 | VL Aveee · wall_segment Palisade Wall x6 |
| 9:02 | blytz · first_building Archery Range |
| 9:03 | VL Aveee · wall_segment Palisade Wall x1 |
| 9:04 | VL Aveee · wall_segment Palisade Wall x2 |
| 9:05 | VL Aveee · wall_segment Palisade Wall x1 |
| 9:31 | VL Aveee · wall_segment Palisade Wall x7 |
| 11:05 | VL Aveee · age_up feudal |
| 11:14 | VL Aveee · first_building Archery Range |
| 11:24 | VL Aveee · wall_segment Palisade Wall x2 |
| 11:25 | VL Aveee · wall_segment Palisade Wall x14 |
| 12:34 | blytz · wall_segment Palisade Wall x1 |
| 13:24 | blytz · wall_segment Palisade Wall x1 |
| 13:27 | blytz · wall_segment Palisade Wall x1 |
| 13:27 | blytz · wall_segment Palisade Wall x1 |
| 14:02 | blytz · wall_segment Palisade Wall x1 |
| 14:03 | blytz · wall_segment Palisade Wall x3 |
| 15:13 | blytz · wall_segment Palisade Wall x5 |
| 17:46 | VL Aveee · age_up castle |
| 17:48 | blytz · age_up castle |
| 20:31 | blytz · first_building Siege Workshop |
| 22:34 | VL Aveee · first_building Siege Workshop |
| 27:47 | blytz · first_building Castle |
| 28:03 | VL Aveee · first_building Monastery |
| 29:50 | blytz · first_building Monastery |
| 29:56 | VL Aveee · first_market_sell 100 food |
| 31:41 | blytz · first_market_sell 500 wood |
| 31:51 | VL Aveee · first_market_buy 100 stone |
| 31:55 | VL Aveee · first_building Castle |
| 33:16 | VL Aveee · age_up imperial |
| 35:01 | blytz · age_up imperial |
| 39:34 | blytz · first_market_buy 100 wood |
| 40:27 | VL Aveee · wall_segment Palisade Wall x1 |
| 45:42 | VL Aveee · wall_segment Stone Wall x15 |
| 45:45 | VL Aveee · wall_segment Stone Wall x7 |
| 45:52 | VL Aveee · wall_segment Stone Wall x6 |
| 46:00 | VL Aveee · wall_segment Stone Wall x1 |
| 46:40 | VL Aveee · wall_segment Stone Wall x1 |
| 69:55 | VL Aveee · wall_segment Stone Wall x1 |
| 72:25 | VL Aveee · resign |
[ AI ANALYSIS · 1 CREDIT ]
What really happened in this match?
Wolo.gg analyzes every decision: build order, eco, micro, common mistakes by bracket. Personalized analysis on WhatsApp or Discord in 30 seconds.
Civ guide
Civ #60
Perfil
VL Aveee